 Dungeon Crawl Stone Soup version 0.25.1-1-g288607f5aa (webtiles) character file.

Game seed: 10890291376758923433

56 Descartes the Sneak (level 3, 0/16 HPs)
             Began as a Spriggan Enchanter on July 26, 2020.
             Succumbed to an orc's poison
             ... on level 3 of the Dungeon.
             The game lasted 00:04:11 (2000 turns).

Descartes the Sneak (Spriggan Enchanter)            Turns: 2000, Time: 00:04:12

Health: 0/16       AC:  2    Str:  5    XL:     3   Next: 69%
Magic:  8/8        EV: 19    Int: 16    God:
Gold:   158        SH:  0    Dex: 22    Spells: 6/7 levels left

rFire    . . .     SeeInvis +   a - +2 dagger (pain)
rCold    . . .     Gourm    .   (shield restricted)
rNeg     . . .     Faith    .   e - +0 robe
rPois    .         Spirit   .   (helmet restricted)
rElec    .         Reflect  .   (no cloak)
rCorr    .         Harm     .   (gloves unavailable)
MR       .....                  (boots unavailable)
Stlth    ++++......             u - amulet of regeneration
HPRegen  0.45/turn              o - +6 ring of dexterity
MPRegen  0.11/turn              r - ring of wizardry

@: lethally poisoned (0 -> -9), slowed, quick
A: very small, unfitting armour, see invisible, herbivore, speed 3, slow
metabolism 2
a: no special abilities


You were on level 3 of the Dungeon.
You were not hungry.

You visited 1 branch of the dungeon, and saw 3 of its levels.

You collected 158 gold pieces.

Inventory:

Hand Weapons
 a - a +2 dagger of pain (weapon)
 b - a +0 hunting sling
Missiles
 h - 29 sling bullets
 l - 135 stones (quivered)
 t - 16 poisoned darts
Armour
 e - a +0 robe (worn)
Jewellery
 o - a +6 ring of dexterity (left hand)
 p - an uncursed amulet of magic regeneration
 r - a ring of wizardry (right hand)
 u - an amulet of regeneration (around neck)
Scrolls
 c - a scroll of enchant weapon {unknown}
 f - a scroll of fog {unknown}
 g - a scroll of amnesia {unknown}
 i - a scroll of blinking {unknown}
 j - 2 scrolls of identify {unknown}
 k - 2 scrolls of remove curse {unknown}
 m - a scroll of immolation {unknown}
 n - a scroll of magic mapping {unknown}
 q - a scroll of enchant armour {unknown}
 s - a scroll of noise {unknown}
Comestibles
 d - 5 rations


   Skills:
 - Level 1.1 Short Blades
 - Level 3.0 Dodging
 + Level 7.3 Stealth
 - Level 2.6 Spellcasting
 - Level 3.6 Hexes


You had 6 spell levels left.
You knew the following spells:

 Your Spells              Type           Power        Failure   Level  Hunger
a - Corona                Hex            ##.....      1%          1    #......

Your spell library contained the following spells:

 Spells                   Type           Power        Failure   Level  Hunger
 Confusing Touch          Hex            ##......     5%          3    ###....
 Tukima's Dance           Hex            ##......     5%          3    ###....
 Ensorcelled Hibernation  Hex/Ice        #.....       6%          2    ##.....
 Dazzling Flash           Conj/Hex       #.....       12%         3    ###....


Dungeon Overview and Level Annotations

Branches:
Dungeon (3/15)

Altars:
Ru
Trog
Xom
Zin


Innate Abilities, Weirdness & Mutations

You are very small and have problems with some larger weapons.
You are too small for most types of armour.
You have supernaturally acute eyesight. (SInv)
You are a herbivore.
You cover ground extremely quickly.
You need to consume almost no food.


Message History

You completely miss the orc.
The orc wizard gestures wildly while chanting.
The orc wizard blinks!
You hit the orc.
The orc is moderately wounded.
The orc hits you with a +1 short sword of venom.
You are poisoned.
The orc closely misses you.
You hit the orc.
The orc is heavily wounded.
You feel sick.
The orc hits you with a +1 short sword of venom.
* * * LOW HITPOINT WARNING * * *
You are lethally poisoned!
You hit the orc.
You kill the orc!
* * * LOW HITPOINT WARNING * * *
You feel sick.
You aren't carrying any potions.
You die...

. ..>..... #####. .
#......###. ### ......
#.#.......... ...#####......
#.#.......# ##............
#.......# ..............
#..<..## #.###o......
#......# ###.#.........
###......######.............
#..#.##....@.ooo.o..########
#..........#####.####
##.#.##..........#
#...............##
#...........#.#..###
#..............#...# ####..
#.............#...##.##......
#.............##...#....# #.
####...........##......####..


You could see an orc wizard and 3 orcs.

Vanquished Creatures
  2 adders (D:2)
  2 worms
  2 dart slugs (D:1)
  A leopard gecko (D:2)
  An orc (D:3)
  5 bats
  A giant cockroach (D:2)
  3 goblins
  4 hobgoblins
  A frilled lizard (D:2)
  4 kobolds
  A rat (D:1)
27 creatures vanquished.

Notes
Turn   | Place    | Note
-------+----------+-------------------------------------------
     0 | D:1      | Descartes the Spriggan Enchanter began the quest for the
                  | Orb.
     0 | D:1      | Reached XP level 1. HP: 9/9 MP: 5/5
   315 | D:1      | Reached skill level 5 in Stealth
   487 | D:1      | Reached XP level 2. HP: 11/13 MP: 6/6
   958 | D:2      | Reached skill level 6 in Stealth
  1017 | D:2      | Found a sacrificial altar of Ru.
  1027 | D:2      | Reached XP level 3. HP: 16/16 MP: 8/8
  1294 | D:2      | Found a bloodstained altar of Trog.
  1361 | D:2      | Reached skill level 7 in Stealth
  1666 | D:3      | Found a shimmering altar of Xom.
  1690 | D:3      | Noticed an angel
  1837 | D:3      | Found a glowing silver altar of Zin.
  2000 | D:3      | Succumbed to an orc's poison

Illustrated notes

Levels and vault maps discovered:
D:1:      wander_arrival_desolate, layout_loops_ring, lemuel_old_faithful
D:2:      layout_loops_ring, lightli_temple_of_fire, nicolae_ru_awakened_eye
D:3:      layout_rooms, grunt_temple_overflow_order_and_chaos_1, first_ration

Skill      XL: |  1  2  3 |
---------------+----------+-----
Stealth        | 5 6 7 |  7.3
Short Blades   | |  1.1
Dodging        | |  3.0
Spellcasting   | |  2.6
Hexes          | |  3.6

Action                   || total
-------------------------++-------
Melee: Dagger            ||    86
 Stab: Sleeping          ||    17
Armor: Robe              ||     4
Dodge: Dodged            ||    48
